Map: Turbo Cruise '84 LE

Players

HateMe

  • Race: Zerg Zerg
  • League: Master
  • Spawn Location: 7:00

HellraiseR - Winner!

  • Race: Protoss Protoss
  • Spawn Location: 3:00

Event: HomeStory Cup XIX

VOD

Have the link to the VOD?

Description

Time

  • Played on: June 28, 2019, 12:30 p.m.
  • Length: 10:31

All games in this series

Show
View Real Time Build Order
Export as new Build Order

HateMe Zerg 

Build Orders: Hatch First 

Get SALT Encoding   

  12  0:00  Drone  
  13  0:12  Overlord  
  13  0:17  Drone  
  14  0:31  Drone x2  
  16  0:49  Hatchery  
  15  0:52  Drone  
  17  0:57  Drone  
  17  0:59  Drone  
  18  1:10  Extractor  
  17  1:15  Spawning Pool  
  17  1:18  Drone  
  17  1:21  Drone  
  18  1:28  Drone  
  20  1:41  Drone, Extractor  
  20  1:49  Hatchery  
  20  1:54  Drone  
  20  2:02  Queen  
  20  2:03  Roach Warren  
  20  2:04  Drone  
  22  2:12  Overlord  
  22  2:39  Queen  
  22  2:43  Roach x3  
  30  3:01  Overlord  
  30  3:02  Queen  
  30  3:03  Drone  
  30  3:05  Drone  
  34  3:19  Drone x3  
  37  3:20  Drone  
  37  3:28  Drone x2  
  38  3:42  Hatchery  
  35  3:50  Drone x3  
  37  4:08  Drone  
  36  4:11  Spore Crawler  
  36  4:15  Drone x5  
  40  4:24  Overlord  
  40  4:25  Drone  
  40  4:27  Drone  
  40  4:30  Drone  
  40  4:31  Drone  
  44  4:35  Spore Crawler  
  43  4:44  Drone  
  43  4:45  Drone x3  
  47  4:49  Overlord  
  47  4:55  Queen  
  47  4:57  Drone  
  47  4:59  Drone  
  51  5:08  Drone x4  
  51  5:11  Drone  
  51  5:12  Drone  
  51  5:13  Spore Crawler  
  51  5:14  Drone  
  57  5:17  Drone  
  57  5:18  Drone x2  
  57  5:19  Drone  
  57  5:20  Drone  
  62  5:22  Drone  
  62  5:24  Drone  
  62  5:35  Overlord  
  62  5:40  Lair, Overlord x3  
  62  5:52  Overlord  
  62  5:53  Queen x2  
  66  5:57  Spore Crawler  
  66  5:58  Drone x5  
  66  6:00  Drone  
  66  6:03  Extractor  
  67  6:07  Drone x4  
  67  6:08  Drone  
  71  6:11  Drone  
  71  6:13  Drone  
  71  6:15  Drone  
  71  6:16  Extractor  
  71  6:17  Drone, Extractor  
  71  6:18  Extractor  
  72  6:23  Drone  
  72  6:25  Drone x2  
  75  6:26  Drone  
  76  6:34  Drone  
  76  6:38  Drone x8  
  76  6:39  Spire  
  84  6:50  Glial Reconstitution  
  84  6:53  Evolution Chamber  
  83  6:59  Overlord  
  83  7:00  Overlord x2  
  83  7:02  Hatchery  
  83  7:04  Overseer  
  82  7:20  Zerg Missile Weapons Level 1  
  82  7:46  Overlord  
  82  7:50  Mutalisk x12  
  106  7:53  Roach  
  106  7:54  Roach x2  
  106  7:57  Roach x2  
  116  7:58  Overlord x3  
  116  8:05  Spine Crawler x3  
  113  8:07  Roach x6  
  113  8:10  Spine Crawler  
  113  8:12  Roach  
  128  8:13  Roach  
  128  8:17  Roach  
  130  8:24  Roach x4  
  138  8:29  Ravager  
  138  8:32  Roach x4  
  138  8:33  Zergling x2  
  138  8:34  Zergling x6  
  143  8:45  Ravager  
  143  8:46  Ravager  
  143  8:47  Zergling x2  
  143  8:48  Zergling x12  
  132  9:01  Roach x4  
  131  9:03  Roach  
  131  9:04  Roach x5  
  131  9:06  Zergling x10  
  129  9:12  Zergling x4  
  129  9:15  Roach x2  
  117  9:19  Roach x2  
  117  9:23  Roach  
  117  9:24  Roach x2  
  123  9:28  Roach x2, Ravager  
  126  9:32  Roach x2  
  121  9:41  Roach x5  
  122  9:46  Roach x2  
  122  9:47  Queen  
  126  9:56  Roach x6  
  116  10:01  Roach x2  
  116  10:04  Roach  
  116  10:09  Roach x2  
Show
View Real Time Build Order
Export as new Build Order

HellraiseR Protoss - Winner!

Build Orders: Oracle Opening 

Get SALT Encoding   

  12  0:00  Probe  
  13  0:12  Probe  
  14  0:19  Pylon  
  14  0:24  Probe  
  15  0:33  Probe  
  15  0:38  Gateway  
  15  0:41  Probe  
  17  0:50  Assimilator  
  17  0:53  Probe  
  18  1:05  Probe  
  18  1:07  Forge  
  19  1:16  Pylon  
  19  1:24  Probe  
  19  1:25  Pylon  
  20  1:45  Cybernetics Core  
  20  1:47  Probe  
  21  1:48  Photon Cannon  
  21  2:08  Nexus  
  21  2:12  Probe  
  22  2:17  Assimilator  
  22  2:18  Adept  
  22  2:24  Probe  
  25  2:37  Probe  
  25  2:38  Adept  
  25  2:41  Pylon  
  26  2:50  Probe  
  29  3:02  Stargate  
  29  3:03  Probe  
  30  3:11  Stalker  
  32  3:18  Probe x2  
  32  3:26  Probe x2  
  34  3:28  Warp Gate  
  36  3:34  Probe  
  36  3:35  Probe  
  38  3:45  Oracle  
  38  3:46  Probe  
  38  3:47  Probe  
  43  3:58  Probe  
  43  3:59  Probe  
  45  4:10  Probe  
  45  4:11  Probe  
  45  4:12  Oracle  
  45  4:13  Shield Battery  
  43  4:17  Pylon  
  43  4:21  Gateway  
  43  4:27  Photon Cannon  
  46  4:35  Probe x2  
  46  4:37  Assimilator  
  48  4:40  Robotics Facility  
  48  4:42  Assimilator  
  48  4:47  Probe x2  
  48  4:48  Pylon  
  48  4:51  Phoenix  
  52  4:56  Pylon  
  52  4:59  Probe x2  
  54  5:11  Probe x2  
  56  5:24  Probe x2  
  56  5:25  Adept x2  
  63  5:28  Observer  
  63  5:36  Probe x2  
  63  5:39  Immortal  
  63  5:41  Nexus  
  63  5:42  Pylon  
  65  5:43  Twilight Council  
  65  5:45  Forge  
  65  5:48  Probe  
  67  5:54  Pylon  
  70  6:00  Probe x2  
  72  6:05  Immortal  
  72  6:12  Probe  
  72  6:13  Blink  
  72  6:14  Protoss Ground Weapons Level 1  
  72  6:17  Pylon  
  72  6:18  Sentry x2  
  81  6:20  Pylon  
  81  6:25  Probe x2  
  83  6:30  Shield Battery  
  83  6:35  Immortal  
  83  6:37  Probe x2  
  85  6:42  Sentry  
  85  6:43  Sentry  
  85  6:44  Observer  
  93  6:54  Gateway  
  93  6:55  Gateway  
  93  7:00  Gateway  
  93  7:02  Gateway  
  93  7:07  Gateway  
  93  7:13  Gateway  
  93  7:16  Pylon  
  93  7:21  Immortal  
  94  7:23  Probe  
  94  7:24  Probe  
  94  7:26  Probe  
  97  7:35  Probe  
  97  7:36  Probe  
  101  7:37  Photon Cannon  
  101  7:39  Probe  
  101  7:40  Assimilator  
  101  7:42  Sentry x2  
  106  7:47  Shield Battery  
  106  7:50  Warp Prism  
  104  7:54  Stalker x3  
  110  8:00  Pylon  
  110  8:02  Stalker x2  
  116  8:08  Photon Cannon  
  116  8:09  Photon Cannon  
  116  8:12  Sentry x2, Shield Battery  
  120  8:13  Sentry  
  122  8:20  Zealot  
  124  8:34  Stalker x4  
  132  8:44  Pylon  
  132  8:45  Pylon  
  132  8:46  Pylon  
  132  8:48  Pylon  
  129  8:58  Stalker x2  
  129  9:00  Stalker x2  
  126  9:11  Stalker x4  
  122  9:17  Probe  
  122  9:20  Probe  
  122  9:21  Probe  
  125  9:25  Stalker x4  
  125  9:30  Assimilator  
  129  9:41  Stalker x3  
  121  10:00  Stalker x4  
  121  10:01  Stalker  
  119  10:17  Stalker x3  
  117  10:27  Nexus  
  115  10:28  Pylon  
Tags
 
Add a new tag
Caveats
  • Supply blocks, unpowered buildings, or Contaminate may cause inaccurate times.
  • Supply counts are checked every 10 seconds.